 Dungeon Crawl Stone Soup version 0.24-a0-441-g27f0392e16 (webtiles) character file.

Game seed: 18406434394405795233

1173 gruber the Magician (level 8, -1/46 HPs)
             Began as an Octopode Conjurer on June 19, 2019.
             Slain by Duvessa
             ... wielding a +0 short sword
              (8 damage)
             ... on level 6 of the Dungeon.
             The game lasted 00:11:45 (6507 turns).

gruber the Magician (Octopode Conjurer)             Turns: 6507, Time: 00:11:46

Health: -1/46      AC:  1    Str: 10    XL:     8   Next: 41%
Magic:  4/18       EV: 14    Int: 20    God:
Gold:   232        SH:  2    Dex: 12    Spells: 15/21 levels left

rFire    . . .     SeeInvis .   r - +3 spear (pierce)
rCold    . . .     Gourm    .   (no shield)
rNeg     . . .     Faith    .   (helmet restricted)
rPois    .         Spirit   .   f - +2 amulet of reflection
rElec    .         Reflect  +   p - +3 ring of strength
rCorr    .         Harm     .   (no ring)
MR       .....                  (no ring)
Stlth    +++.......             (no ring)
HPRegen  0.15/turn              (no ring)
MPRegen  0.16/turn              (no ring)
                                (no ring)
                                (no ring)

@: no status effects
A: almost no armour, stealthy swim, amphibious, 8 rings, constrict 8, camouflage
1, gelatinous body 1
a: no special abilities


You were on level 6 of the Dungeon.
You were very hungry.

You visited 1 branch of the dungeon, and saw 6 of its levels.
You also visited: Ossuary.

You collected 232 gold pieces.

Inventory:

Hand Weapons
 r - a +3 spear of piercing (weapon)
Missiles
 k - 9 boomerangs
 o - 19 curare-tipped darts (quivered)
Jewellery
 f - a +2 amulet of reflection (around mantle)
 j - an uncursed amulet of rage
 p - a +3 ring of strength (left tentacle)
Wands
 x - a wand of polymorph (11)
Scrolls
 e - 4 scrolls of identify {unknown}
 g - 2 scrolls of blinking {unknown}
 h - a scroll of fog {unknown}
 i - a scroll of random uselessness {unknown}
 l - a scroll of enchant weapon {unknown}
 n - a scroll of fear {unknown}
 s - a scroll of amnesia {unknown}
 v - 2 scrolls of teleportation {unknown}
 w - a scroll of enchant armour {unknown}
 y - 6 scrolls of remove curse {unknown}
 D - a scroll of magic mapping {unknown}
Potions
 a - a potion of brilliance {unknown}
 c - a potion of degeneration {unknown}
 d - a potion of invisibility {unknown}
 m - a potion of mutation {unknown}
 q - 4 potions of heal wounds {unknown}
 t - a potion of curing {unknown}
 u - 3 potions of lignification {unknown}
 z - 2 potions of ambrosia {unknown}
 A - 3 potions of might {unknown}
 B - a potion of resistance {unknown}
 C - a potion of berserk rage {unknown}
Comestibles
 b - 14 rations


   Skills:
 - Level 3.0 Dodging
 - Level 2.6 Stealth
 * Level 7.2 Spellcasting
 + Level 7.0 Conjurations


You had 15 spell levels left.
You knew the following spells:

 Your Spells              Type           Power        Failure   Level  Hunger
a - Magic Dart            Conj           ####         1%          1    None
b - Searing Ray           Conj           #####.       1%          2    None
c - Dazzling Spray        Conj/Hex       ###...       7%          3    #......

Your spell library contained the following spells:

 Spells                   Type           Power        Failure   Level  Hunger
 Iskenderun's Mystic Bla  Conj           #####...     5%          4    ###....
 Force Lance              Conj/Tloc      ###.....     22%         4    ###....
 Fulminant Prism          Conj/Hex       ###.......   22%         4    ###....


Dungeon Overview and Level Annotations

Branches:
Dungeon (6/15)
 Temple: D:4-7

Altars:
Nemelex Xobeh

Annotations:
D:6 Dowan, Duvessa


Innate Abilities, Weirdness & Mutations

You cannot wear most types of armour.
You are very stealthy in the water. (Stealth+)
You are amphibious.
You can wear up to eight rings at the same time.
You can use your tentacles to constrict eight enemies at once.
Your skin changes colour to match your surroundings (Stealth+).
Your rubbery body absorbs attacks. (AC +1, EV +1)


Message History

The searing ray hits Duvessa.
Duvessa is heavily wounded.
The searing ray hits the worker ant!
You kill the worker ant!
You finish channeling your searing ray.
Duvessa closely misses you.
Unknown command.
Casting: Searing Ray (safe; 1% risk of failure)
Confirm with . or Enter, or press ? or * to list all spells.
Aiming: Searing Ray (safe; 1% risk of failure)
Press: ? - help, Shift-Dir - straight line, f/p - Duvessa
Aim: Duvessa, wielding a +0 short sword and wearing a +2 scale mail of poison resistance (heavily wounded, unusually agile)
The searing ray hits Duvessa.
Duvessa is heavily wounded. (Press . to maintain the ray.) Duvessa hits you with a +0 short sword.
* * * LOW HITPOINT WARNING * * *
The searing ray hits Duvessa.
Duvessa is severely wounded.
Duvessa hits you with a +0 short sword!
You die...

'.#... #....#.......#.........
#.#.###+###....###......###..####
#.#............+........###..#
..#............###......##..>#
...............##.....####.###
...............##.########.#
..................##.......#
............########...).###
.............eYe@..#.....#
............######.#.....#
............######.......#
............#...####.....#
....#########.#.# #.....#######
##......e†....#.# #............
#.############.# #.....########
#.....# #.....##...... #.#####
#.....'..#####


You could see Duvessa, an ice beast and Dowan.

Vanquished Creatures
  A phantom (D:5)
  A centaur (D:6)
  A scorpion (D:4)
  A howler monkey (D:5)
  3 bullfrog zombies
  2 orc priests (D:4)
  A hound (D:4)
  2 human zombies (Ossuary)
  A centaur skeleton (D:5)
  An iguana (D:5)
  An orc wizard (D:4)
  7 worker ants
  2 hound zombies
  4 mummies (Ossuary)
  Robin (D:3)
  2 worker ant zombies (D:4)
  A howler monkey skeleton (D:5)
  6 gnolls
  A howler monkey zombie (D:4)
  10 adders
  A shadow imp (D:5)
  An adder zombie (D:4)
  4 worms
  A dart slug (D:2)
  2 leopard geckos
  14 orcs
  14 bats
  5 giant cockroaches
  2 gnoll zombies (Ossuary)
  22 goblins
  7 hobgoblins
  5 jackals
  8 kobolds
  2 quokkas
  A ball python skeleton (D:4)
  A ball python zombie (D:4)
  3 frilled lizards
  2 jackal zombies (Ossuary)
  A kobold zombie (Ossuary)
  An orc zombie (Ossuary)
  A quokka skeleton (D:4)
  A quokka zombie (D:4)
  6 rats
  3 rat zombies (Ossuary)
157 creatures vanquished.

Notes
Turn   | Place    | Note
-------+----------+-------------------------------------------
     0 | D:1      | gruber the Octopode Conjurer began the quest for the Orb.
     0 | D:1      | Reached XP level 1. HP: 11/11 MP: 3/3
   196 | D:1      | Reached XP level 2. HP: 16/17 MP: 0/5
  1099 | D:2      | Reached XP level 3. HP: 21/21 MP: 1/6
  1480 | D:2      | Found a sparkling altar of Nemelex Xobeh.
  1748 | D:2      | Learned a level 2 spell: Searing Ray
  1752 | D:2      | Learned a level 3 spell: Dazzling Spray
  1872 | D:2      | Reached XP level 4. HP: 18/27 MP: 5/8
  2223 | D:3      | Reached skill level 5 in Conjurations
  2673 | D:3      | Noticed Robin
  2700 | D:3      | Reached XP level 5. HP: 17/31 MP: 3/10
  2708 | D:3      | Killed Robin
  3639 | D:4      | Reached XP level 6. HP: 36/36 MP: 7/12
  4072 | D:4      | Reached skill level 5 in Spellcasting
  4458 | D:4      | Reached XP level 7. HP: 32/41 MP: 10/14
  5036 | D:5      | Entered Level 5 of the Dungeon
  5668 | D:5      | Reached XP level 8. HP: 45/46 MP: 17/17
  6064 | D:6      | Noticed Dowan
  6153 | D:6      | Noticed Duvessa
  6156 | D:6      | Found a sand-covered staircase.
  6161 | Ossuary  | Entered an ossuary
  6507 | D:6      | Slain by Duvessa

Levels and vault maps discovered:
D:1:      dpeg_arrival_court, layout_basic
D:2:      layout_basic, lemuel_doored_altar
D:3:      layout_rooms, uniq_robin
D:4:      minmay_diamond_boxcup, layout_rooms, serial_undead, serial_undead_c,
          serial_undead_b, serial_undead_a, serial_undead_b, serial_undead_b,
          serial_undead_b
D:5:      cheibrodos_iron_armory, layout_loops_cross, first_ration,
          nrook_pool_corridor, eino_curves_03
D:6:      layout_basic, minmay_temple_entry_grid, enter_ossuary_2, uniq_duvessa

Skill      XL: |  1  2  3  4  5  6  7  8 |
---------------+-------------------------+-----
Conjurations   | 5 6 7 |  7.0
Spellcasting   | 3 4 5 6 7 |  7.2
Dodging        | 3 |  3.0
Stealth        | |  2.6

Action                   |  1- 3 |  4- 6 |  7- 9 || total
-------------------------+-------+-------+-------++-------
Melee: Unarmed           |    28 |       |       ||    28
       Constrict         |    11 |    18 |    17 ||    46
       Tentacles         |     6 |     7 |    11 ||    24
       Short sword       |    11 |       |       ||    11
       Rapier            |       |    19 |       ||    19
       Spear             |       |    49 |    75 ||   124
Throw: Boomerang         |       |     2 |       ||     2
       Dart              |       |     6 |       ||     6
 Cast: Magic Dart        |    70 |    81 |    44 ||   195
       Searing Ray       |       |    12 |    21 ||    33
       Dazzling Spray    |       |     2 |       ||     2
 Stab: Sleeping          |     2 |     2 |     7 ||    11
  Eat: Chunk             |     3 |     9 |     5 ||    17
Armor: Skin              |     2 |    11 |     3 ||    16
Dodge: Dodged            |    23 |    52 |    60 ||   135
Block: Other             |     1 |     5 |     7 ||    13
       Reflection        |       |       |     1 ||     1

Table legend:
 A = Non-vault XP
 B = Vault XP
 C = Vault XP percentage of total XP
 D = Non-vault monster count
 E = Vault monster count
 F = Vault count percentage of total count
                 A         B        C        D         E       F
            +---------+---------+-------+---------+---------+-------
      Total |    1245 |     431 |  25.7 |     113 |      44 |  28.0
            +---------+---------+-------+---------+---------+-------
        D:1 |      24 |       0 |   0.0 |      16 |       0 |   0.0
        D:2 |      63 |       0 |   0.0 |      22 |       0 |   0.0
        D:3 |      95 |      39 |  29.1 |      28 |      13 |  31.7
        D:4 |     392 |     207 |  34.6 |      21 |      15 |  41.7
        D:5 |     468 |       0 |   0.0 |      19 |       0 |   0.0
        D:6 |     203 |       0 |   0.0 |       7 |       0 |   0.0
    Ossuary |       0 |     185 | 100.0 |       0 |      16 | 100.0
            +---------+---------+-------+---------+---------+-------
